Map: Cyber Forest LE

Players

ReSpOnSe - Winner!

  • Race: Protoss Protoss
  • League: Grandmaster
  • Spawn Location: 11:00

iloveredhead

  • Race: Terran Terran
  • League: Master
  • Spawn Location: 5:00

VOD

Have the link to the VOD?

Description

Time

  • Played on: Feb. 7, 2019, 8:26 p.m.
  • Length: 9:50
Show
View Real Time Build Order
Export as new Build Order

ReSpOnSe Protoss - Winner!

Build Orders: 1 Gate Expand, Oracle Opening 

Get SALT Encoding   

  12  0:00  Probe  
  13  0:13  Probe  
  14  0:18  Pylon  
  14  0:25  Probe  
  15  0:33  Probe  
  15  0:38  Gateway  
  15  0:41  Probe  
  16  0:46  Assimilator  
  17  0:51  Probe  
  18  1:03  Probe  
  19  1:15  Probe  
  20  1:26  Nexus  
  20  1:32  Probe  
  20  1:36  Cybernetics Core  
  21  1:40  Probe  
  21  1:46  Assimilator  
  22  1:50  Probe  
  23  1:57  Pylon  
  23  2:05  Adept  
  23  2:15  Probe  
  26  2:25  Stargate  
  26  2:27  Probe  
  27  2:30  Stalker  
  27  2:32  Warp Gate  
  26  2:39  Probe  
  29  2:45  Probe  
  30  2:51  Probe  
  30  2:57  Probe  
  32  3:03  Probe  
  32  3:04  Oracle  
  33  3:09  Probe  
  33  3:11  Gateway  
  34  3:16  Gateway  
  34  3:19  Probe  
  38  3:25  Stalker  
  40  3:29  Probe  
  41  3:38  Probe, Pylon  
  41  3:41  Probe  
  43  3:47  Pylon  
  43  3:50  Probe  
  43  3:53  Probe  
  45  4:03  Probe  
  45  4:07  Probe  
  47  4:15  Probe  
  48  4:19  Probe  
  48  4:21  Stalker x3  
  55  4:27  Probe, Pylon  
  55  4:31  Probe  
  57  4:45  Stalker x3  
  61  4:52  Nexus  
  61  4:54  Probe  
  62  5:01  Probe  
  62  5:05  Twilight Council  
  63  5:10  Forge  
  63  5:11  Stalker x2  
  63  5:13  Probe  
  68  5:17  Assimilator  
  68  5:23  Pylon  
  68  5:24  Forge  
  68  5:30  Stalker  
  68  5:31  Protoss Ground Armor Level 1  
  68  5:32  Charge  
  70  5:39  Probe x2  
  66  5:44  Protoss Ground Weapons Level 1  
  66  5:48  Stalker x2  
  61  5:51  Probe x2  
  61  5:55  Pylon  
  63  5:57  Stalker  
  63  6:03  Probe x2  
  67  6:14  Probe  
  67  6:15  Gateway  
  67  6:16  Probe  
  67  6:17  Gateway  
  67  6:18  Gateway  
  69  6:21  Probe  
  70  6:25  Sentry  
  70  6:26  Zealot  
  70  6:29  Zealot  
  70  6:31  Probe  
  70  6:32  Probe  
  78  6:36  Pylon  
  78  6:39  Gateway  
  78  6:41  Gateway  
  78  6:43  Probe  
  78  6:44  Probe  
  78  6:45  Pylon  
  80  6:49  Pylon  
  76  6:55  Zealot x2  
  76  6:56  Zealot  
  76  6:57  Probe x2  
  76  6:58  Probe  
  83  7:01  Pylon  
  83  7:05  Protoss Ground Armor Level 2  
  83  7:09  Robotics Facility  
  83  7:10  Blink  
  83  7:14  Pylon  
  83  7:22  Probe x2  
  85  7:24  Pylon  
  85  7:25  Protoss Ground Weapons Level 2  
  85  7:28  Nexus  
  85  7:29  Zealot  
  87  7:35  Stalker  
  89  7:37  Stalker  
  89  7:42  Probe  
  92  7:46  Probe, Pylon  
  92  7:47  Probe  
  94  7:56  Pylon  
  94  7:59  Warp Prism  
  94  8:01  Zealot x2  
  94  8:03  Pylon  
  92  8:06  Zealot  
  92  8:09  Zealot  
  92  8:10  Zealot x2  
  85  8:15  Zealot x2  
  85  8:19  Zealot  
  83  8:20  Probe  
  83  8:21  Probe  
  73  8:30  Zealot x4  
  73  8:39  Gateway  
  71  8:42  Probe x3  
  71  8:43  Probe  
  75  8:49  Stalker x3  
  75  8:52  Observer  
  75  8:54  Stalker  
  75  8:55  Sentry  
  86  8:58  Probe  
  86  8:59  Probe x3  
  86  9:02  Stalker  
  92  9:06  Stalker  
  92  9:08  Stalker  
  96  9:12  Probe x2  
  96  9:13  Probe x2  
  100  9:19  Zealot x3  
  102  9:32  Zealot x3  
  102  9:33  Zealot x3  
  105  9:47  Zealot x3  
Show
View Real Time Build Order
Export as new Build Order

iloveredhead Terran 

Build Orders: Reaper Expand 

Get SALT Encoding   

  12  0:02  SCV  
  13  0:14  SCV  
  13  0:17  Supply Depot  
  14  0:26  SCV  
  15  0:38  SCV  
  15  0:40  Barracks  
  16  0:43  Refinery  
  16  0:50  SCV  
  17  1:03  SCV  
  18  1:15  SCV  
  19  1:27  Reaper, Orbital Command  
  20  1:40  Command Center  
  20  1:53  SCV  
  21  1:59  Barracks Reactor  
  21  2:00  Supply Depot  
  21  2:05  SCV  
  22  2:17  SCV  
  22  2:21  Factory  
  23  2:30  SCV  
  23  2:36  Marine x2  
  26  2:42  SCV  
  27  2:45  Command Center  
  27  2:54  SCV  
  27  2:55  Orbital Command  
  28  3:01  Marine x2  
  30  3:06  SCV  
  30  3:13  Starport  
  30  3:14  Factory Tech Lab  
  30  3:19  Marine x2  
  32  3:21  SCV  
  32  3:22  SCV  
  34  3:33  SCV  
  35  3:34  SCV  
  35  3:38  Refinery  
  35  3:40  Widow Mine, Marine x2  
  40  3:45  Refinery, SCV  
  40  3:48  SCV  
  42  3:56  Viking  
  42  3:57  SCV  
  42  3:58  Orbital Command  
  42  3:59  Marine  
  42  4:00  Marine  
  47  4:05  SCV  
  47  4:09  SCV  
  49  4:13  Barracks  
  49  4:14  Barracks  
  49  4:18  SCV  
  49  4:21  SCV  
  49  4:23  SCV  
  52  4:26  Marine  
  52  4:27  Stimpack  
  52  4:30  SCV  
  54  4:32  Barracks  
  54  4:35  SCV  
  55  4:40  Barracks  
  55  4:41  Starport Reactor  
  55  4:44  Marine  
  55  4:45  Factory Tech Lab  
  48  5:02  Marauder  
  48  5:03  Siege Tank  
  53  5:12  Orbital Command, SCV  
  53  5:15  Marine x2  
  55  5:23  Marine  
  55  5:24  Marine x2  
  58  5:33  Marine x2  
  58  5:34  Marine  
  55  5:47  Marine  
  55  5:49  Supply Depot  
  53  5:52  Marauder, Marine  
  53  5:56  Medivac  
  58  6:01  SCV  
  59  6:07  Supply Depot  
  59  6:08  SCV  
  60  6:14  Marauder  
  60  6:16  SCV x2  
  64  6:20  Medivac, SCV  
  64  6:24  Supply Depot  
  67  6:29  Engineering Bay  
  67  6:32  Marine x2  
  67  6:33  Marine x2  
  67  6:35  Orbital Command, Marauder  
  73  6:42  Combat Shield  
  73  6:44  Medivac  
  72  6:55  Marine  
  72  6:59  Barracks Reactor, Barracks Tech Lab  
  72  7:00  Marine x3  
  76  7:03  SCV x3  
  79  7:11  Missile Turret  
  79  7:13  Marine  
  79  7:15  SCV  
  81  7:17  Marine  
  81  7:18  Marine  
  81  7:19  Marauder  
  85  7:29  Supply Depot  
  85  7:33  Supply Depot  
  85  7:40  Refinery  
  85  7:41  Refinery  
  85  7:42  Terran Infantry Weapons Level 1  
  85  7:43  Supply Depot  
  85  7:46  Engineering Bay  
  85  7:51  Marauder, Marine x2, SCV x3  
  92  7:57  Marine  
  93  8:02  Marine  
  93  8:03  Marine  
  95  8:09  Marauder  
  93  8:13  Marauder  
  73  8:28  Marine  
  73  8:30  Marauder  
  73  8:33  Marine  
  70  8:34  Marauder, Medivac x2  
  70  8:35  SCV x2  
  70  8:36  Marine x3  
  73  8:42  Orbital Command  
  73  8:45  Marine  
  73  8:51  Marine x2, SCV  
  73  8:53  SCV  
  73  8:54  Marine x3  
  73  8:55  Marauder, Armory  
  81  9:03  Marine  
  81  9:04  Medivac  
  81  9:05  SCV  
  81  9:06  Supply Depot  
  81  9:08  Marine, SCV x2  
  81  9:09  Marauder  
  90  9:12  Marine x2  
  90  9:13  Marine  
  95  9:17  Marauder  
  95  9:21  Marine  
  90  9:26  Marine  
  90  9:29  Marine  
  90  9:30  Marine  
Tags
 
Add a new tag
Caveats
  • Supply blocks, unpowered buildings, or Contaminate may cause inaccurate times.
  • Supply counts are checked every 10 seconds.